 Dungeon Crawl Stone Soup version 0.29.1-12-g30fa7ad0bf (webtiles) character file.

Game seed: 18048202560115876924

590 hawla the Chiller (level 7, -8/51 HPs)
             Began as a Meteoran Ice Elementalist on Jan 14, 2023.
             Mangled by an ice beast (11 damage)
             ... on level 5 of the Dungeon.
             The game lasted 00:10:57 (1928 turns).

hawla the Chiller (Meteoran Ice Elementalist)       Turns: 1928, Time: 00:10:58

Health: -8/51      AC:  2    Str:  9    XL:     7   Next: 98%
Magic:  14/17      EV: 13    Int: 19    God:
Gold:   63         SH:  0    Dex: 15    Spells: 10/18 levels left

rFire   . . .      SeeInvis .   (no weapon)
rCold   . . .      Faith    .   (no shield)
rNeg    . . .      Spirit   .   a - +0 robe
rPois   .          Reflect  .   (no helmet)
rElec   .          Harm     .   (no cloak)
rCorr   .          Rampage  .   (no gloves)
Will    .....                   (no boots)
Stlth   +.........              (no amulet)
HPRegen 0.17/turn               d - ring of wizardry
MPRegen 0.15/turn               g - ring of wizardry

@: glowing
A: sense surroundings 1, otherworldly, glowing, explore regen
a: no special abilities


You were on level 5 of the Dungeon.
You visited 2 branches of the dungeon, and saw 6 of its levels.
You also visited: Sewer.

You collected 123 gold pieces.
You spent 60 gold pieces at shops.

Inventory:

Armour
 a - a +0 robe (worn)
Jewellery
 d - a ring of wizardry (left hand)
 g - a ring of wizardry (right hand)
Wands
 c - a wand of mindburst (12)
 n - a wand of flame (10)
Scrolls
 e - 2 scrolls of teleportation {unknown}
 j - a scroll of acquirement {unknown}
 l - a scroll of noise {unknown}
 m - a scroll of butterflies
 p - a scroll of blinking {unknown}
 r - a scroll of poison {unknown}
 s - a scroll of identify
Potions
 b - a potion of magic
 f - a potion of mutation
 h - a potion of degeneration
 i - 2 potions of ambrosia {unknown}
 k - a potion of cancellation {unknown}
 o - a potion of haste {unknown}
 q - a potion of heal wounds {unknown}
 t - a potion of attraction {unknown}


   Skills:
 + Level 0.7 Fighting
 + Level 3.3 Dodging
 - Level 1.4 Stealth
 + Level 6.0 Spellcasting
 + Level 0.5 Conjurations
 + Level 7.7 Ice Magic


You had 10 spell levels left.
You knew the following spells:

 Your Spells              Type           Power      Damage    Failure   Level
a - Freeze                Ice            100%       1d11      1%          1
b - Frozen Ramparts       Ice            70%        1d11      1%          3
c - Hailstorm             Conj/Ice       21%        3d6       5%          4

Your spell library contained the following spells:

 Spells                   Type           Power      Damage    Failure   Level
 Ozocubu's Armour         Ice            35%        N/A       1%          3


Dungeon Overview and Level Annotations

Branches:
Dungeon (5/15) Zot: 1266   Temple (1/1) D:4 Zot: 546   Sewer (visited)

Altars:
Ashenzari
Dithmenos
Elyvilon
Fedhas
Gozag
Hepliaklqana
Makhleb
Okawaru
Qazlal
Ru
Sif Muna
Uskayaw
Wu Jian
Zin
The Shining One

Shops:
D:4 *

Annotations:
D:3 Grinder


Innate Abilities, Weirdness & Mutations

You passively map a small area around you.
You are easily found by Zot.
You glow in the dark.
You regain HP and MP as you explore.


Message History

The ice beast is moderately wounded.
The ice beast closely misses you.
Unknown command.
Aiming: Throw Flame
Press: ? - help, Shift-Dir - straight line, f/p - ice beast
Aim: an ice beast (moderately wounded, 68% to hit)
The puff of flame misses the ice beast.
The ice beast hits you. The ice beast freezes you!
Aiming: Throw Flame
Press: ? - help, Shift-Dir - straight line, f/p - ice beast
Aim: an ice beast (moderately wounded, 68% to hit)
The puff of flame hits the ice beast.
The ice beast melts!
The ice beast is heavily wounded.
The ice beast hits you. The ice beast freezes you.
Unknown command.
Aiming: Throw Flame
Press: ? - help, Shift-Dir - straight line, f/p - ice beast
Aim: an ice beast (heavily wounded, 68% to hit)
The puff of flame hits the ice beast!
The ice beast melts!
The ice beast is almost dead.
The ice beast hits you. The ice beast freezes you!
Unknown command.
Aiming: Throw Flame
Press: ? - help, Shift-Dir - straight line, f/p - ice beast
Aim: an ice beast (almost dead, 68% to hit)
The puff of flame hits the ice beast.
The ice beast is almost dead.
The ice beast hits you.
* * * LOW HITPOINT WARNING * * *
The ice beast freezes you.
* * * LOW HITPOINT WARNING * * *
Aiming: Throw Flame
Press: ? - help, Shift-Dir - straight line, f/p - ice beast
Aim: an ice beast (almost dead, 68% to hit)
The puff of flame hits the ice beast.
The ice beast is almost dead.
The ice beast hits you.
* * * LOW HITPOINT WARNING * * *
The ice beast freezes you!
You die...

..# , #....#....#)#
#.#############)_...#.#######
#.#.[..##.....))...........>#
#.#.##.......##.....###.#####
#.#.#...≈≈≈..##....####.#
#.#....≈≈≈≈≈.######.....#
#<#....≈≈_≈≈.# #...#####
###....≈≈.≈≈.####.###
..))...≈≈o≈§..)Y@.#
####...≈≈.≈≈.)#####
##.†...≈...≈.##
#..#...≈.8.≈.# #.####.......#
#.# #........, * ..#
####.#... , * ... *.#.. , , *
... ,#


You could see an ice beast and an orc.

Vanquished Creatures
  A water moccasin (Sewer)
  A necrophage (D:4)
  A scorpion (D:4)
  A jelly (D:4)
  An orc priest (D:5)
  Jessica (D:3)
  An iguana (D:5)
  2 orc wizards
  2 adders
  3 gnolls (D:4)
  A river rat (D:3)
  A white imp (D:5)
  3 worms
  3 dart slugs
  11 orcs
  2 giant cockroaches
  2 goblins
  A hobgoblin (D:4)
  2 jackals (Sewer)
  A quokka (D:2)
  6 ball pythons
  A frilled lizard (D:3)
  3 kobolds
  2 rats (D:3)
53 creatures vanquished.

Vanquished Creatures (collateral kills)
  A phantom (D:4)
1 creature vanquished.

Grand Total: 54 creatures vanquished

Notes
Turn   | Place    | Note
-------+----------+-------------------------------------------
     0 | D:1      | hawla the Meteoran Ice Elementalist began the quest for the
                  | Orb.
     0 | D:1      | Reached XP level 1. HP: 14/14 MP: 5/5
    30 | D:2      | Reached XP level 2. HP: 20/20 MP: 3/6
    78 | D:2      | Reached skill level 5 in Ice Magic
   123 | D:2      | Reached XP level 3. HP: 26/26 MP: 6/8
   127 | D:2      | Learned a level 3 spell: Frozen Ramparts
   130 | D:3      | Noticed Jessica
   135 | D:3      | Killed Jessica
   136 | D:3      | Reached XP level 4. HP: 29/33 MP: 3/9
   359 | D:3      | Reached skill level 6 in Ice Magic
   359 | D:3      | Reached XP level 5. HP: 38/38 MP: 5/11
   364 | D:3      | Learned a level 4 spell: Hailstorm
   582 | D:3      | Found a glowing drain.
   613 | Sewer    | Entered a sewer
   687 | Sewer    | Noticed a water moccasin
   692 | Sewer    | Killed a water moccasin
   693 | Sewer    | Reached XP level 6. HP: 39/45 MP: 2/13
   819 | D:3      | Noticed Grinder
   879 | D:4      | Reached skill level 7 in Ice Magic
   883 | D:4      | Reached XP level 7. HP: 38/50 MP: 2/15
   901 | D:4      | Found a staircase to the Ecumenical Temple.
   949 | Temple   | Entered the Ecumenical Temple
  1055 | D:4      | Reached skill level 5 in Spellcasting
  1144 | D:4      | Found Ysext's General Store.
  1149 | D:4      | Bought a scroll of identify for 24 gold pieces
  1149 | D:4      | Bought a potion of curing for 36 gold pieces
  1661 | D:5      | Entered Level 5 of the Dungeon
  1791 | D:5      | Found a shadowy altar of Dithmenos.
  1852 | D:5      | Found a burning altar of Makhleb.
  1928 | D:5      | Mangled by an ice beast

Illustrated notes

Levels and vault maps discovered:
D:1:      dpeg_arrival_leaves_temple_mockup, layout_loops_ring
D:2:      layout_basic, minmay_misc_feat_plants, minivault_27
D:3:      layout_basic, portal_sewer_entry_b, uniq_jessica, uniq_grinder
D:4:      layout_basic, minmay_temple_entry_tees, serial_shops, shop_statue,
          minmay_door_square
D:5:      lemuel_ice_spiral_2, layout_basic, overflow_temple_1_default,
          mainiacjoe_overflow_catwalk, minitemple, kennysheep_generic_room_8
Temple:   nicolae_temple_god_jail

Skill      XL: |  1  2  3  4  5  6  7 |
---------------+----------------------+-----
Ice Magic      | 5 6 7 |  7.7
Spellcasting   | 3 4 6 |  6.0
Dodging        | 3 |  3.3
Fighting       | |  0.7
Stealth        | |  1.4
Conjurations   | |  0.5

Action                   |  1- 3 |  4- 6 |  7- 9 || total
-------------------------+-------+-------+-------++-------
Melee: Unarmed           |     1 |     1 |    39 ||    41
 Cast: Freeze            |    15 |    22 |    11 ||    48
       Frozen Ramparts   |     1 |     7 |    13 ||    21
       Hailstorm         |       |     4 |     6 ||    10
Evoke: Wand              |       |       |     7 ||     7
  Use: Scroll            |       |    11 |     2 ||    13
       Potion            |       |       |     3 ||     3
Armor: Robe              |     1 |     3 |     9 ||    13
       Skin              |       |       |     1 ||     1
Dodge: Dodged            |     5 |    14 |    30 ||    49
